 Dungeon Crawl Stone Soup version 0.28.0-53-g5a82cb258f (webtiles) character file.

Game seed: 3843892808777179176

1526 Gabide the Spear-Bearer (level 8, -2/60 HPs)
             Began as a Mummy Necromancer on June 2, 2022.
             Was a Plaything of Xom.
             Slain by a bullfrog zombie (6 damage)
             ... summoned by Xom
             ... on level 6 of the Dungeon.
             The game lasted 00:13:00 (5682 turns).

Gabide the Spear-Bearer (Mummy Necromancer)         Turns: 5682, Time: 00:13:02

Health: -2/60      AC:  9    Str: 15    XL:     8   Next: 55%
Magic:  12/12      EV: 12    Int: 16    God:    Xom [.*....]
Gold:   194        SH:  5    Dex: 13    Spells: 5/13 levels left

rFire   x . .      SeeInvis .   c - +8 bardiche "Rula Syp" {vorpal, Str+4}
rCold   + . .      Faith    .   (shield currently unavailable)
rNeg    + + +      Spirit   .   a - +2 animal skin
rPois   ∞          Reflect  +   g - +0 helmet
rElec   .          Harm     .   i - +1 cloak
rCorr   .          Rampage  .   l - +0 pair of gloves
Will    +....                   b - +0 pair of boots
Stlth   ++........              j - amulet of reflection
HPRegen 0.20/turn               (no ring)
MPRegen 0.13/turn               (no ring)

@: no status effects
A: cold resistance 1, negative energy resistance 3, torment resistance 2, heat
vulnerability 1, no potions
a: Renounce Religion


You were on level 6 of the Dungeon.
You worshipped Xom.
You were a plaything of Xom.
You visited 1 branch of the dungeon, and saw 6 of its levels.

You collected 194 gold pieces.

Inventory:

Hand Weapons
 c - the +8 bardiche "Rula Syp" (weapon) {vorpal, Str+4}
   (You acquired it on level 3 of the Dungeon)

   It inflicts extra damage upon your enemies.
   Str:       It affects your strength (+4).
Missiles
 h - 3 boomerangs
Armour
 a - a +2 animal skin (worn)
 b - a +0 pair of boots (worn)
 g - a +0 helmet (worn)
 i - a +1 cloak (worn)
 l - a +0 pair of gloves (worn)
Jewellery
 j - an amulet of reflection (around neck)
Wands
 k - a wand of paralysis (7)
Scrolls
 d - a scroll of vulnerability
 e - 2 scrolls of enchant weapon
 f - a scroll of fear
 m - a scroll of holy word {unknown}


   Skills:
 + Level 3.7 Fighting
 - Level 8.0 Polearms
 - Level 2.0 Dodging
 - Level 2.0 Stealth
 - Level 1.0 Unarmed Combat
 - Level 3.0 Spellcasting
 - Level 4.0 Necromancy


You had 5 spell levels left.
You knew the following spells:

 Your Spells              Type           Power      Damage    Failure   Level
a - Pain                  Necr           60%        1d7       3%          1
b - Vampiric Draining     Necr           15%        2d7       11%         3
c - Animate Dead          Necr           7%         N/A       34%         4

Your spell library contained the following spells:

 Spells                   Type           Power      Damage    Failure   Level
 Animate Skeleton         Necr           30%        N/A       3%          1
 Dazzling Flash           Conj/Hex       4%         N/A       50%         3
 Gell's Gravitas          Tloc           2%         N/A       50%         3
 Teleport Other           Tloc           2%         N/A       50%         3
 Agony                    Necr           15%        N/A       69%         5
 Iskenderun's Mystic Bla  Conj/Tloc      2%         2d3       88%         4
 Dispersal                Tloc           1%         N/A       100%        6
 Starburst                Conj/Fire      1%         6d3       100%        6


Dungeon Overview and Level Annotations

Branches:
Dungeon (6/15)             Temple (0/1) D:6

Altars:
Ashenzari
Dithmenos
Fedhas
Hepliaklqana
Qazlal
Trog
Wu Jian
Xom
Yredelemnul

Annotations:
D:2 exclusions: orc priest and orc wizard
D:3 exclusions: giant cockroach and ogre


Innate Abilities, Weirdness & Mutations

You are immune to poison.
Your flesh is cold resistant. (rC+)
You are immune to negative energy. (rN+++)
You are immune to unholy pain and torment.
You are vulnerable to heat. (rF-)
You do not drink.


Message History

You feel less confused. The bullfrog zombie closely misses you.
You block the bullfrog zombie's attack. The orc hits you with a +0 dagger.
Something completely misses you. The iguana barely misses you.
The orc wizard casts a spell.
The orc wizard flickers and vanishes!
The bullfrog zombie completely misses you.
The bullfrog zombie hits you but does no damage.
Something hits you but does no damage. The orc hits you but does no damage.
The iguana barely misses you.
You slash something!
Reactivating autopickup.
You feel a bit more experienced.
You block the bullfrog zombie's attack. x2
Something completely misses you. The orc hits you but does no damage.
The bullfrog zombie hits you.
The bullfrog zombie completely misses you.
The iguana bites you!
Deactivating autopickup; reactivate with Ctrl-A.
You slice something!!
Reactivating autopickup.
You feel a bit more experienced.
The bullfrog zombie hits you but does no damage.
The bullfrog zombie barely misses you. The orc hits you but does no damage.
The iguana bites you.
* * * LOW HITPOINT WARNING * * *
You block the bullfrog zombie's attack. The bullfrog zombie misses you.
You block the orc's attack. The iguana misses you.
You slice the orc!!
You kill the orc!
You block the bullfrog zombie's attack.
The bullfrog zombie hits you but does no damage.
You block the iguana's attack. The bullfrog zombie barely misses you.
The bullfrog zombie hits you but does no damage.
You completely miss the iguana. The bullfrog zombie closely misses you.
The bullfrog zombie hits you.
* * * LOW HITPOINT WARNING * * *
The iguana bites you!
* * * LOW HITPOINT WARNING * * *
The bullfrog zombie hits you.
You die... ##### #...# #...# #...# #ZZl#

#)@.#
......)))#
........?#
.........#
.........#
.........#
..###....#
.. #....#


You could see an iguana (summoned) and 2 bullfrog zombies.

Vanquished Creatures
  Sigmund (D:3)
  Menkaure (D:4)
  2 ogres (D:5)
  A centaur (D:5)
  Blork the orc (D:4)
  2 scorpions
  A bullfrog zombie (D:6)
  A centaur zombie (D:3)
  An orc priest (D:3)
  2 hounds
  2 centaur skeletons
  A bullfrog skeleton (D:5)
  2 gnoll shamans
  2 orc wizards (D:6)
  3 iguanas
  2 scorpion zombies
  A hound zombie (D:3)
  A hound skeleton (D:5)
  Robin (D:4)
  14 gnolls
  3 adders
  2 white imps
  3 worms
  2 dart slugs
  7 orcs
  7 ball pythons
  11 bats
  8 endoplasms
  2 giant cockroaches (D:1)
  15 goblins
  7 hobgoblins
  4 jackals (D:4)
  A ball python zombie (D:3)
  3 kobolds
  5 rats
122 creatures vanquished.

Notes
Turn   | Place    | Note
-------+----------+-------------------------------------------
     0 | D:1      | Gabide the Mummy Necromancer began the quest for the Orb.
     0 | D:1      | Reached XP level 1. HP: 13/13 MP: 4/4
   351 | D:1      | Reached XP level 2. HP: 20/20 MP: 3/6
   505 | D:1      | Reached skill level 1 in Fighting
   557 | D:1      | Found a faded altar of an unknown god.
   596 | D:1      | Prayed at the altar of an unknown god.
   596 | D:1      | Became a worshipper of Xom of Chaos
   878 | D:1      | XOM: silly message
   912 | D:1      | XOM: silly message
  1006 | D:1      | Reached XP level 3. HP: 27/27 MP: 3/7
  1073 | D:1      | XOM: silly message
  1092 | D:1      | XOM: noise
  1268 | D:2      | Learned a level 3 spell: Vampiric Draining
  1808 | D:2      | XOM: divination: detect items
  1925 | D:2      | XOM: silly message
  2052 | D:2      | XOM: noise
  2186 | D:3      | Identified a scroll of acquirement
  2187 | D:3      | Acquired the +8 bardiche "Rula Syp" {vorpal, Str+4}
  2212 | D:3      | Noticed Sigmund
  2218 | D:3      | XOM: butterfly on damage
  2219 | D:3      | Killed Sigmund
  2220 | D:3      | Reached skill level 1 in Unarmed Combat
  2220 | D:3      | Reached skill level 3 in Polearms
  2220 | D:3      | Reached XP level 4. HP: 19/33 MP: 5/8
  2220 | D:3      | Reached XP level 5. HP: 22/38 MP: 5/9
  2388 | D:3      | Noticed an ogre
  2523 | D:3      | Learned a level 4 spell: Animate Dead
  2546 | D:3      | Reached XP level 6. HP: 44/44 MP: 10/10
  2552 | D:3      | Found an ornate altar of the Wu Jian Council.
  2715 | D:3      | Reached skill level 4 in Polearms
  2806 | D:3      | XOM: noise
  2849 | D:3      | Found a basalt altar of Yredelemnul.
  2915 | D:3      | Found a hazy altar of Hepliaklqana.
  2915 | D:3      | Found a stormy altar of Qazlal.
  3077 | D:4      | Noticed Blork the orc
  3092 | D:4      | Killed Blork the orc
  3132 | D:4      | XOM is BORED!
  3252 | D:4      | Noticed Robin
  3267 | D:4      | HP: 1/44 [hobgoblin[Robin] (4)]
  3576 | D:4      | Killed Robin
  3577 | D:4      | Reached skill level 5 in Polearms
  3756 | D:4      | Reached XP level 7. HP: 37/50 MP: 7/11
  3829 | D:4      | XOM: summons 1 hostile demon
  3896 | D:4      | Found a broken altar of Ashenzari.
  3897 | D:4      | Found a bloodstained altar of Trog.
  3901 | D:4      | Found a shadowy altar of Dithmenos.
  3901 | D:4      | Found a blossoming altar of Fedhas.
  4056 | D:4      | Noticed Menkaure
  4061 | D:4      | Killed Menkaure
  4062 | D:4      | Reached skill level 6 in Polearms
  4315 | D:5      | Entered Level 5 of the Dungeon
  4528 | D:5      | XOM is BORED!
  4528 | D:5      | XOM: 3-stop teleportation journey
  4587 | D:5      | Reached skill level 7 in Polearms
  4596 | D:5      | Reached XP level 8. HP: 56/56 MP: 12/12
  4674 | D:5      | XOM: 1-stop teleportation journey
  5395 | D:6      | XOM: confusion
  5403 | D:6      | Reached skill level 8 in Polearms
  5586 | D:6      | Found a staircase to the Ecumenical Temple.
  5669 | D:6      | XOM: 2-stop teleportation journey
  5672 | D:6      | XOM: summons 3 hostile shadow creatures
  5682 | D:6      | Slain by a bullfrog zombie

Illustrated notes

Levels and vault maps discovered:
D:1:      evilmike_arrival_hilbert_curve, layout_rooms,
          ebering_ecumenical_altar_box
D:2:      layout_rooms, nicolae_figureground_sparkle
D:3:      layout_rooms, nicolae_wu_jian_wuxing_cycle,
          nicolae_yredelemnul_corpse_copse, gammafunk_temple_overflow_wave,
          nicolae_elevator_lobby_plus, uniq_sigmund
D:4:      layout_rooms, grunt_temple_overflow_open, kennysheep_doodads,
          uniq_blork_the_orc, uniq_robin, uniq_menkaure
D:5:      layout_basic
D:6:      layout_gridville, good_gods_mini_temple,
          minmay_temple_entry_sparse_star, dk_vineyard_3,
          uniq_crazy_yiuf_cottage, uniq_edmund

Skill      XL: |  1  2  3  4  5  6  7  8 |
---------------+-------------------------+-----
Spellcasting   | 3 |  3.0
Dodging        | 2 |  2.0
Fighting       | 2 3 |  3.7
Stealth        | 2 |  2.0
Unarmed Combat | 1 |  1.0
Polearms       | 3 5 7 8 |  8.0
Necromancy     | |  4.0

Action                   |  1- 3 |  4- 6 |  7- 9 || total
-------------------------+-------+-------+-------++-------
Melee: Unarmed           |    17 |       |       ||    17
       Bardiche          |     2 |    50 |   110 ||   162
Throw: Boomerang         |       |       |     2 ||     2
 Cast: Pain              |    88 |    42 |    22 ||   152
  Use: Scroll            |     4 |     1 |     1 ||     6
 Stab: Sleeping          |       |     1 |     1 ||     2
Armor: Robe              |     4 |       |       ||     4
       Leather armour    |       |    23 |       ||    23
       Animal skin       |       |     1 |    63 ||    64
Dodge: Dodged            |    29 |    44 |   111 ||   184
Block: Other             |       |       |    21 ||    21
